 Dungeon Crawl Stone Soup version 0.22-a0-525-gf69a080 (webtiles) character file.

224 kae the Insei (level 5, -1/39 HPs)
             Began as a Demonspawn Transmuter on June 20, 2018.
             Slain by a howler monkey (3 damage)
             ... on level 3 of the Dungeon.
             The game lasted 00:02:12 (3178 turns).

kae the Insei (Demonspawn Transmuter)               Turns: 3178, Time: 00:02:13

Health: -1/39      AC:  2    Str: 14    XL:     5   Next: 67%
Magic:  2/9        EV: 12    Int: 15    God:
Gold:   65         SH:  0    Dex: 14    Spells: 3/9 levels left

rFire    . . .     SeeInvis .     - Unarmed
rCold    + . .     Gourm    .   (no shield)
rNeg     . . .     Faith    .   b - +0 robe
rPois    .         Spirit   .   (no helmet)
rElec    .         Reflect  .   (no cloak)
rCorr    .         Harm     .   (no gloves)
MR       .....                  (no boots)
Stlth    +.........             (no amulet)
HPRegen  0.13/turn              f - +4 ring of strength
MPRegen  0.11/turn              h - ring of protection from cold

@: very slightly contaminated
A: powered by pain 1, spiny 1
a: no special abilities


You were on level 3 of the Dungeon.
You were hungry.

You visited 1 branch of the dungeon, and saw 4 of its levels.

You collected 65 gold pieces.

Inventory:

Missiles
 a - 75 arrows
Armour
 b - a +0 robe (worn)
Jewellery
 f - a +4 ring of strength (left hand)
 h - a ring of protection from cold (right hand)
 m - a +3 amulet of reflection {unknown}
Wands
 g - a wand of polymorph (12)
 j - a wand of digging (10)
Scrolls
 c - a scroll of teleportation
 i - a scroll of remove curse
 l - 2 scrolls of identify
 n - a scroll of amnesia
Potions
 e - a potion of might {unknown}
 k - 2 potions of agility {unknown}
Comestibles
 d - 5 rations


   Skills:
 + Level 2.6 Fighting
 - Level 1.7 Dodging
 * Level 4.2 Unarmed Combat
 + Level 2.9 Spellcasting
 + Level 2.8 Transmutations


You had 3 spell levels left.
You knew the following spells:

 Your Spells              Type           Power        Failure   Level  Hunger
a - Beastly Appendage     Tmut           ##....       6%          1    #......
b - Sticks to Snakes      Tmut           ##......     10%         2    ##.....
c - Spider Form           Tmut/Pois      #.........   32%         3    ###....

Your spell library contained the following spells:

 Spells                   Type           Power        Failure   Level  Hunger
 Blade Hands              Tmut           ##........   86%         5    ######.
 Ice Form                 Ice/Tmut       #.......     73%         4    #####..


Dungeon Overview and Level Annotations

Branches:
Dungeon (4/15)
 Temple: D:4-7

Altars:


Innate Abilities, Weirdness & Mutations

You sometimes gain a little power by taking damage.
You are partially covered in sharp spines.


Message History

The orc wizard gestures wildly while chanting.
The orc wizard flickers and vanishes!
Deactivating autopickup; reactivate with Ctrl-A.
You hear a bark!
You hear a howl!
You climb upwards.
There is a stone staircase leading down here.
You can't go up here!
Unknown command.
You closely miss the howler monkey. The howler monkey hits you.
* * * LOW HITPOINT WARNING * * *
You closely miss the howler monkey. The howler monkey hits you.
* * * LOW HITPOINT WARNING * * *
The howler monkey is struck by your spines.
The howler monkey hits you.
* * * LOW HITPOINT WARNING * * *
You hit the howler monkey.
The howler monkey is heavily wounded.
The howler monkey is struck by your spines.
The howler monkey hits you.
You die...

######### #.......#
############.......#
#..........#.......#
#.....)....#.......#
#####..........#.......#
#..............#......#########
#..######.#...##...............
##.###.....##.@#.....(........#
#..##...#..##.h..............#
#........#.#####...##........#
#.....##.#.#####.#.....).....#
#.....##.#..............####..
#.....##.............#.......^
#...).####.....[.......#####.#
#####.# #...........#..# #.#
#.# ##..........##.# #.#


You could see a howler monkey.

Vanquished Creatures
  Ijyb (D:3)
  4 gnolls
  9 adders
  2 dart slugs (D:2)
  4 leopard geckos
  An orc (D:3)
  7 giant cockroaches
  8 goblins
  8 hobgoblins
  4 jackals (D:1)
  4 kobolds
  2 quokkas (D:2)
  9 bats
  6 frilled lizards
  9 rats
78 creatures vanquished.

Notes
Turn   | Place    | Note
-------+----------+-------------------------------------------
     0 | D:1      | kae the Demonspawn Transmuter began the quest for the Orb.
     0 | D:1      | Reached XP level 1. HP: 15/15 MP: 3/3
   217 | D:1      | Gained mutation: You are partially covered in sharp spines. [demonic ancestry]
   217 | D:1      | Reached XP level 2. HP: 19/21 MP: 3/5
   221 | D:1      | Reached skill level 3 in Unarmed Combat
  1207 | D:2      | Reached XP level 3. HP: 20/26 MP: 6/6
  1211 | D:2      | Learned a level 2 spell: Sticks to Snakes
  1215 | D:2      | Learned a level 3 spell: Spider Form
  1741 | D:2      | Reached XP level 4. HP: 33/33 MP: 7/7
  2408 | D:3      | Gained mutation: You sometimes gain a little power by taking damage. [demonic ancestry]
  2408 | D:3      | Reached XP level 5. HP: 28/38 MP: 9/9
  2590 | D:3      | Reached skill level 4 in Unarmed Combat
  2619 | D:3      | Noticed Ijyb
  2637 | D:3      | Killed Ijyb
  3177 | D:3      | HP: 1/39 [howler monkey (5)]
  3178 | D:3      | Slain by a howler monkey

Vault maps used:
D:1:      minmay_arrival_four_loops
D:3:      uniq_ijyb
D:4:      gammafunk_temple_overflow_pools, temple_statues, okawaru_trees_2

Skill      XL: |  1  2  3  4  5 |
---------------+----------------+-----
Unarmed Combat | 3 4 |  4.2
Transmutations | 2 |  2.8
Fighting       | 2 |  2.6
Dodging        | |  1.7
Spellcasting   | |  2.9

Action                   |  1- 3 |  4- 6 || total
-------------------------+-------+-------++-------
Melee: Unarmed           |    85 |    97 ||   182
       Kick              |     4 |       ||     4
       Punch             |     1 |     3 ||     4
 Cast: Beastly Appendage |     8 |       ||     8
       Spider Form       |       |     1 ||     1
Evoke: Wand              |       |     1 ||     1
  Use: Scroll            |     4 |     2 ||     6
       Potion            |     1 |       ||     1
 Stab: Sleeping          |     3 |     1 ||     4
  Eat: Chunk             |     2 |     5 ||     7
Armor: Robe              |    13 |     8 ||    21
       Skin              |     4 |     3 ||     7
Dodge: Dodged            |    47 |    53 ||   100

Table legend:
 A = Spawn XP
 B = Non-spawn XP
 C = Spawn XP percentage of total XP
 D = Spawn monster count
 E = Non-spawn monster count
 F = Spawn count percentage of total count
 G = Total turns spent on level
                    A         B        C        D         E        F      G
               +---------+---------+-------+---------+---------+-------+---------
         Total |       0 |     321 |   0.0 |       0 |      78 |   0.0 |  3178
               +---------+---------+-------+---------+---------+-------+---------
           D:1 |       0 |      32 |   0.0 |       0 |      21 |   0.0 |   992
           D:2 |       0 |     125 |   0.0 |       0 |      29 |   0.0 |  1112
           D:3 |       0 |     150 |   0.0 |       0 |      27 |   0.0 |  1055
           D:4 |       0 |      14 |   0.0 |       0 |       1 |   0.0 |    19
               +---------+---------+-------+---------+---------+-------+---------
